 Dungeon Crawl Stone Soup version 0.16-a0-2278-gad6c6b8 (console) character file.

146 Kellhus the Conjurer (level 5, -1/35 HPs)
             Began as a Vampire Wizard on Nov 16, 2014.
             Slain by a gnoll
             ... wielding a +0 whip
              (11 damage)
             ... on level 3 of the Dungeon.
             The game lasted 00:04:50 (2831 turns).

Kellhus the Conjurer (Vampire Wizard)               Turns: 2831, Time: 00:04:51

Health: -1/35      AC:  2    Str:  6    XL:     5   Next: 7%
Magic:  0/11       EV: 12    Int: 21    God:
Gold:   135        SH:  0    Dex: 12    Spells: 1 memorised, 9 levels left

rFire  . . .     SeeInvis +     a - +2 whip (flame)
rCold  . . .     Clarity  .     h - +0 robe
rNeg   . . .     SustAb   +     (no shield)
rPois  .         Gourm    .     b - +0 hat
rElec  .         Spirit   .     (no cloak)
rCorr  +         Warding  .     (no gloves)
rMut   .         Stasis   .     (no boots)
MR     .....                    f - amulet of resist corrosion
Stlth  ++........               o - ring of sustain abilities
                                j - ring of see invisible

@: regenerating quickly, not resistant to hostile enchantments, unstealthy
A: bottle blood, fangs 3, see invisible, unbreathing
a: no special abilities


You were on level 3 of the Dungeon.
You were very full.

You visited 1 branch of the dungeon, and saw 3 of its levels.

You collected 135 gold pieces.

Inventory:

Hand weapons
 a - a +2 whip of flaming (weapon)
Armour
 b - a +0 hat (worn)
 h - a +0 robe (worn)
Jewellery
 f - an amulet of resist corrosion (around neck)
 j - a ring of see invisible (left hand)
 o - a ring of sustain abilities (right hand)
Scrolls
 d - 4 scrolls of identify {unknown}
 e - 2 scrolls of enchant armour {unknown}
 g - a scroll of random uselessness {unknown}
 i - a scroll of teleportation {unknown}
 l - a scroll of fog {unknown}
 n - a scroll of remove curse {unknown}
 p - a scroll of enchant weapon {unknown}
Potions
 k - 2 potions of confusion {unknown}
 m - a potion of flight {unknown}
Books
 c - a book of Minor Magic

   Spells                             Type                      Level
   *Magic Dart                        Conjuration                  1
   Blink                              Translocation                2
   Call Imp                           Summoning                    2
   Repel Missiles                     Charms/Air                   2
   Slow                               Hexes                        2
   Conjure Flame                      Conjuration/Fire             3
   Mephitic Cloud                     Conjuration/Poison/Air       3


   Skills:
 - Level 2.1 Dodging
 - Level 3.0 Stealth
 - Level 3.0 Spellcasting
 + Level 3.7 Conjurations
   Level 1.0 Summonings
   Level 0.7 Translocations


You had 9 spell levels left.
You knew the following spells:

 Your Spells              Type           Power        Failure   Level  Hunger
a - Magic Dart            Conj           ###.         3%          1    None


Dungeon Overview and Level Annotations

Branches:
Dungeon (3/15)

Altars:
Gozag


Innate Abilities, Weirdness & Mutations

Your natural rate of healing is unusually fast.
You can bottle blood from corpses.
You have razor-sharp teeth.
You have supernaturally acute eyesight.
You can survive without breathing.


Message History

Aiming: Magic Dart
Press: ? - help, Shift-Dir - straight line, f/p - gnoll
Aim: a gnoll, wielding a whip (severely wounded, berserk, fast, unusually strong)
The magic dart hits the gnoll.
The gnoll is severely wounded.
The gnoll hits you but does no damage.
Press: ? - help, v - describe, . - travel
Here: a gnoll, wielding a whip (severely wounded, berserk, fast, unusually strong)
The floor.
Drink which item? (? for menu, Esc to quit)
Okay, then.
Drink which item? (? for menu, Esc to quit)
Okay, then.
You aren't carrying any items that can be evoked.
Read which item? (? for menu, Esc to quit)
Okay, then.
You closely miss the gnoll.
The gnoll is severely wounded.
The gnoll hits you with a whip. The gnoll hits you with a whip!
You die...

..# #..#........
#.#####..........#
##.##(.............
........÷..........
##.##.#.÷##.......# #
##.##.#..##........ ...
........##...#.#.#
#.#..###g##.#..##..##.#.#
#......(@......##........
###..###.##.#.###.###....
##.......................
......###.##.#.###.#####.#
................##.# #.#
####.####.##.#.###.# #.#
##.####.##.#.###.# #.#
..................# ###
...........#.#####


You could see a gnoll (berserk).

Vanquished Creatures
  Jessica (D:2)
  3 gnolls (D:3)
  3 adders (D:2)
  2 worms
  2 giant geckos
  A giant cockroach (D:1)
  4 hobgoblins
  8 jackals
  14 kobolds
  A quokka (D:2)
  2 ball pythons
  5 bats
  5 giant newts
  5 goblins
  7 rats
63 creatures vanquished.

Notes
Turn   | Place    | Note
--------------------------------------------------------------
     0 | D:1      | Kellhus, the Vampire Wizard, began the quest for the Orb.
     0 | D:1      | Reached XP level 1. HP: 13/13 MP: 4/4
   149 | D:1      | Reached skill level 1 in Conjurations
   734 | D:1      | Reached XP level 2. HP: 19/19 MP: 4/6
  1483 | D:2      | Reached XP level 3. HP: 20/24 MP: 3/7
  1569 | D:2      | Noticed Jessica
  1672 | D:2      | Killed Jessica
  1915 | D:2      | Found an opulent altar of Gozag.
  1944 | D:2      | Reached XP level 4. HP: 30/30 MP: 6/9
  2617 | D:2      | Reached XP level 5. HP: 11/35 MP: 1/11
  2831 | D:3      | Slain by a gnoll

Action                   |  1- 3 |  4- 6 || total
-------------------------+-------+-------++-------
Melee: Whip              |    21 |    10 ||    31
 Cast: Magic Dart        |    84 |    77 ||   161
  Use: Potion            |     2 |       ||     2
  Eat: Corpse            |    14 |     7 ||    21
